TOP OF THE 1ST |
Charlotte Knights batting - Pitching for Salt Lake Bees : LHP Curt Joseph
|
Pitching: LHP Curt Joseph
|
|
Batting: RHB Steve Martin
|
0-0: Called Strike 0-1: Ball 1-1: Ground out U3 (Groundball, 34, EV 78.8 MPH)
|
Batting: RHB Brad Boals
|
0-0: Ball 1-0: Ball 2-0: Ball 3-0: Base on Balls
|
Batting: LHB Angel Tellez
|
0-0: 2-RUN HOME RUN (Flyball, 9LD, EV 92.5 MPH), Distance : 351 ft
|
Batting: RHB Micah Brown
|
0-0: Ball 1-0: Called Strike 1-1: Called Strike 1-2: Ball 2-2: Ball 3-2: Foul Ball, location: 2F 3-2: Foul Ball, location: 2F 3-2: Foul Ball, location: 2F 3-2: Strikes out swinging
|
Batting: RHB Herb Craig
|
0-0: Called Strike 0-1: Foul Ball, location: 2F 0-2: Ball 1-2: Foul Ball, location: 2F 1-2: Foul Ball, location: 2F 1-2: Ball 2-2: Ball 3-2: SINGLE (Flyball, 9LS, EV 100.0 MPH)
|
Batting: LHB Hirakito Herring
|
0-0: Ball 1-0: Ball 2-0: Ball Wild Pitch! Herb Craig to second 3-0: Ground out U3 (Groundball, 34, EV 84.4 MPH)
|
Top of the 1st over - 2 runs, 2 hits, 0 errors, 1 left on base; Charlotte 2 - Salt Lake 0 |
BOTTOM OF THE 1ST |
Salt Lake Bees batting - Pitching for Charlotte Knights : RHP Pat Matera
|
Pitching: RHP Pat Matera
|
|
Batting: LHB Javier Trujillo
|
0-0: Ball 1-0: Swinging Strike 1-1: Ball 2-1: Foul Ball, location: 2F 2-2: Ball 3-2: Base on Balls
|
Batting: RHB Guillermo Mojica
|
0-0: Ball Javier Trujillo steals 2nd base 1-0: Ball 2-0: Called Strike 2-1: SINGLE (Line Drive, 9S, EV 103.8 MPH) Javier Trujillo to third Runner from 3rd tries for Home, SAFE, throw by RF to home
|
Batting: RHB Bjoern Waltersson
|
0-0: Called Strike 0-1: Foul Ball, location: 2F 0-2: Ball Wild Pitch! Guillermo Mojica to second 1-2: Strikes out swinging
|
Batting: RHB Andres Mendiola
|
0-0: Called Strike 0-1: Foul Ball, location: 2F 0-2: Ball 1-2: Strikes out swinging
|
Batting: RHB Melvin Gomez
|
0-0: Ball 1-0: Foul Ball, location: 2F 1-1: Ball 2-1: Swinging Strike 2-2: SINGLE (Line Drive, 3D, EV 101.2 MPH) Guillermo Mojica to third Runner from 3rd tries for Home, throw by RF and OUT! 9-2
|
Bottom of the 1st over - 1 run, 2 hits, 0 errors, 1 left on base; Charlotte 2 - Salt Lake 1 |
TOP OF THE 2ND |
Charlotte Knights batting - Pitching for Salt Lake Bees : LHP Curt Joseph
|
Batting: LHB John Thurman
|
0-0: Swinging Strike 0-1: Fly out, F9 (Line Drive, 9S, EV 105.6 MPH)
|
Batting: LHB James Betron
|
0-0: Swinging Strike 0-1: Ball 1-1: Ball 2-1: Ball 3-1: Foul Ball, location: 2F 3-2: Strikes out looking
|
Batting: LHB Kevin Rolison
|
0-0: Ball 1-0: Ball 2-0: Ball 3-0: Called Strike 3-1: Base on Balls
|
Batting: RHB Steve Martin
|
0-0: Called Strike 0-1: Foul Ball, location: 2F 0-2: Ball 1-2: Ball 2-2: Ball 3-2: Ground out 5-3 (Groundball, 56S, EV 75.0 MPH)
|
Top of the 2nd over - 0 runs, 0 hits, 0 errors, 1 left on base; Charlotte 2 - Salt Lake 1 |
BOTTOM OF THE 2ND |
Salt Lake Bees batting - Pitching for Charlotte Knights : RHP Pat Matera
|
Batting: SHB Ivan Barry
|
0-0: Called Strike 0-1: Ball 1-1: Ball 2-1: Ground out 6-3 (Groundball, 6, EV 103.1 MPH)
|
Batting: LHB Vinny Carreno
|
0-0: Ball 1-0: Ball 2-0: Ball 3-0: Base on Balls
|
Batting: LHB Barrfhionn O'Toole
|
0-0: Called Strike 0-1: Ball 1-1: Ball 2-1: Foul Ball, location: 2F 2-2: Fielders Choice at 2nd, 5-4 (Groundball, 5L, EV 83.8 MPH)
|
Batting: RHB Juan Rosa
|
0-0: Called Strike 0-1: Swinging Strike 0-2: Foul Ball, location: 2F 0-2: Ball 1-2: Ball 2-2: Foul Ball, location: 2F 2-2: Ball 3-2: Strikes out swinging
|
Bottom of the 2nd over - 0 runs, 0 hits, 0 errors, 1 left on base; Charlotte 2 - Salt Lake 1 |
TOP OF THE 3RD |
Charlotte Knights batting - Pitching for Salt Lake Bees : LHP Curt Joseph
|
Batting: RHB Brad Boals
|
0-0: Ground out 6-3 (Groundball, 56, EV 86.9 MPH)
|
Batting: LHB Angel Tellez
|
0-0: Called Strike 0-1: SOLO HOME RUN (Flyball, 9LD, EV 95.6 MPH), Distance : 345 ft
|
Batting: RHB Micah Brown
|
0-0: Ball 1-0: Fly out, F7 (Flyball, 78D, EV 83.8 MPH)
|
Batting: RHB Herb Craig
|
0-0: Ball 1-0: Called Strike 1-1: Ball 2-1: Ball 3-1: Base on Balls
|
Batting: LHB Hirakito Herring
|
0-0: Ball 1-0: Foul Ball, location: 2F 1-1: Ball 2-1: Ball 3-1: Swinging Strike 3-2: Fly out, F7 (Flyball, 7LM, EV 96.2 MPH)
|
Top of the 3rd over - 1 run, 1 hit, 0 errors, 1 left on base; Charlotte 3 - Salt Lake 1 |
BOTTOM OF THE 3RD |
Salt Lake Bees batting - Pitching for Charlotte Knights : RHP Pat Matera
|
Batting: LHB Javier Trujillo
|
0-0: Called Strike 0-1: Ball 1-1: Ball 2-1: Foul Ball, location: 2F 2-2: Ground out 5-3 (Groundball, 56S, EV 91.2 MPH)
|
Batting: RHB Guillermo Mojica
|
0-0: Foul Ball, location: 2F 0-1: Called Strike 0-2: Strikes out looking
|
Batting: RHB Bjoern Waltersson
|
0-0: Called Strike 0-1: Foul Ball, location: 2F 0-2: Ball 1-2: Ball 2-2: Foul Ball, location: 2F 2-2: Ball 3-2: SINGLE (Groundball, 6S, EV 63.8 MPH) (infield hit)
|
Batting: RHB Andres Mendiola
|
0-0: Ball 1-0: Fielders Choice at 2nd, 6-4 (Groundball, 6, EV 88.8 MPH)
|
Bottom of the 3rd over - 0 runs, 1 hit, 0 errors, 1 left on base; Charlotte 3 - Salt Lake 1 |
TOP OF THE 4TH |
Charlotte Knights batting - Pitching for Salt Lake Bees : LHP Curt Joseph
|
Pitching: RHP Alberto Pickett
|
|
Batting: LHB John Thurman
|
0-0: Called Strike 0-1: Ground out 5-3 (Groundball, 56S, EV 82.5 MPH)
|
Batting: LHB James Betron
|
0-0: Ground out 4-3 (Groundball, 4, EV 76.2 MPH)
|
Batting: LHB Kevin Rolison
|
0-0: Ball 1-0: Foul Ball, location: 2F 1-1: Swinging Strike 1-2: Strikes out swinging
|
Top of the 4th over - 0 runs, 0 hits, 0 errors, 0 left on base; Charlotte 3 - Salt Lake 1 |
BOTTOM OF THE 4TH |
Salt Lake Bees batting - Pitching for Charlotte Knights : RHP Pat Matera
|
Batting: RHB Melvin Gomez
|
0-0: Ball 1-0: Ball 2-0: Foul Ball, location: 2F 2-1: Foul Ball, location: 2F 2-2: Ball 3-2: Ground out 5-3 (Groundball, 56S, EV 84.4 MPH)
|
Batting: SHB Ivan Barry
|
0-0: Foul Ball, location: 2F 0-1: Ball 1-1: Ground out U3 (Groundball, 3L, EV 84.4 MPH)
|
Batting: LHB Vinny Carreno
|
0-0: DOUBLE (Line Drive, 9LM, EV 93.1 MPH)
|
Batting: LHB Barrfhionn O'Toole
|
0-0: Swinging Strike 0-1: Ball 1-1: Swinging Strike 1-2: Strikes out swinging
|
Bottom of the 4th over - 0 runs, 1 hit, 0 errors, 1 left on base; Charlotte 3 - Salt Lake 1 |
TOP OF THE 5TH |
Charlotte Knights batting - Pitching for Salt Lake Bees : RHP Alberto Pickett
|
Batting: RHB Steve Martin
|
0-0: Ball 1-0: Ball 2-0: Called Strike 2-1: Swinging Strike 2-2: Strikes out swinging
|
Batting: RHB Brad Boals
|
0-0: Foul Ball, location: 2F 0-1: Ball 1-1: Called Strike 1-2: Strikes out looking
|
Batting: LHB Angel Tellez
|
0-0: Ball 1-0: Ground out 6-3 (Groundball, 6, EV 85.0 MPH)
|
Top of the 5th over - 0 runs, 0 hits, 0 errors, 0 left on base; Charlotte 3 - Salt Lake 1 |
BOTTOM OF THE 5TH |
Salt Lake Bees batting - Pitching for Charlotte Knights : RHP Pat Matera
|
Batting: RHB Juan Rosa
|
0-0: Ground out 6-3 (Groundball, 6MS, EV 90.0 MPH)
|
Batting: LHB Javier Trujillo
|
0-0: Called Strike 0-1: Ball 1-1: Ground out 4-3 (Groundball, 4M, EV 88.8 MPH)
|
Batting: RHB Guillermo Mojica
|
0-0: Ball 1-0: Foul Ball, location: 2F 1-1: Called Strike 1-2: Strikes out looking
|
Bottom of the 5th over - 0 runs, 0 hits, 0 errors, 0 left on base; Charlotte 3 - Salt Lake 1 |
TOP OF THE 6TH |
Charlotte Knights batting - Pitching for Salt Lake Bees : RHP Alberto Pickett
|
Batting: RHB Micah Brown
|
0-0: Called Strike 0-1: Ball 1-1: Ball 2-1: Foul Ball, location: 2F 2-2: Ground out 4-3 (Groundball, 4M, EV 80.6 MPH)
|
Batting: RHB Herb Craig
|
0-0: Called Strike 0-1: Called Strike 0-2: Ball 1-2: Ball 2-2: Foul Ball, location: 2F 2-2: Fly out, F6 (Popup, 6S, EV 71.9 MPH)
|
Batting: LHB Hirakito Herring
|
0-0: Ball 1-0: Foul Ball, location: 2F 1-1: Called Strike 1-2: Strikes out swinging
|
Top of the 6th over - 0 runs, 0 hits, 0 errors, 0 left on base; Charlotte 3 - Salt Lake 1 |
BOTTOM OF THE 6TH |
Salt Lake Bees batting - Pitching for Charlotte Knights : RHP Pat Matera
|
Batting: RHB Bjoern Waltersson
|
0-0: Called Strike 0-1: Fly out, F8 (Flyball, 8LXD, EV 95.0 MPH)
|
Batting: RHB Andres Mendiola
|
0-0: Fly out, F9 (Flyball, 9D, EV 105.0 MPH)
|
Batting: RHB Melvin Gomez
|
0-0: Ball 1-0: Fly out, F4 (Flyball, 4MD, EV 89.4 MPH)
|
Bottom of the 6th over - 0 runs, 0 hits, 0 errors, 0 left on base; Charlotte 3 - Salt Lake 1 |
TOP OF THE 7TH |
Charlotte Knights batting - Pitching for Salt Lake Bees : RHP Alberto Pickett
|
Pitching: RHP Bartholomeu Voivodic
|
|
Batting: LHB John Thurman
|
0-0: Foul Ball, location: 2F 0-1: Foul Ball, location: 2F 0-2: TRIPLE (Flyball, 7D, EV 102.5 MPH)
|
Batting: LHB James Betron
|
0-0: Called Strike 0-1: Ground out 2-3 (Groundball, 2R, EV 61.2 MPH)
|
Batting: LHB Kevin Rolison
|
0-0: Fly out, F9 (Flyball, 9, EV 75.6 MPH) Runner from 3rd tags up, SCORES, throw by RF
|
Batting: RHB Steve Martin
|
0-0: Ground out 4-3 (Groundball, 4M, EV 101.9 MPH)
|
Top of the 7th over - 1 run, 1 hit, 0 errors, 0 left on base; Charlotte 4 - Salt Lake 1 |
BOTTOM OF THE 7TH |
Salt Lake Bees batting - Pitching for Charlotte Knights : RHP Pat Matera
|
Batting: SHB Ivan Barry
|
0-0: Ball 1-0: Swinging Strike 1-1: Foul Ball, location: 2F 1-2: Ball 2-2: Ball 3-2: Strikes out swinging, 2-3 out at first.
|
Batting: LHB Vinny Carreno
|
0-0: Foul Ball, location: 2F 0-1: Ball 1-1: Swinging Strike 1-2: Ball 2-2: Strikes out looking
|
Batting: LHB Barrfhionn O'Toole
|
0-0: Ball 1-0: Called Strike 1-1: Called Strike 1-2: Ball 2-2: Foul Ball, location: 2F 2-2: Foul Ball, location: 2F 2-2: Strikes out looking
|
Bottom of the 7th over - 0 runs, 0 hits, 0 errors, 0 left on base; Charlotte 4 - Salt Lake 1 |
TOP OF THE 8TH |
Charlotte Knights batting - Pitching for Salt Lake Bees : RHP Bartholomeu Voivodic
|
Batting: RHB Brad Boals
|
0-0: Foul Ball, location: 2F 0-1: Swinging Strike 0-2: Ball 1-2: Strikes out swinging
|
Batting: LHB Angel Tellez
|
0-0: Ball 1-0: Swinging Strike 1-1: Ball 2-1: Ball 3-1: Foul Ball, location: 2F 3-2: Base on Balls
|
Batting: RHB Micah Brown
|
0-0: Foul Ball, location: 2F 0-1: Grounds into double play, 4-6-3 (Groundball, 34, EV 93.1 MPH)
|
Top of the 8th over - 0 runs, 0 hits, 0 errors, 0 left on base; Charlotte 4 - Salt Lake 1 |
BOTTOM OF THE 8TH |
Salt Lake Bees batting - Pitching for Charlotte Knights : RHP Pat Matera
|
Pitching: LHP Steven Wolf
|
|
Now at 1B: Ryan Karg
|
|
Now in LF: James Betron
|
|
Batting: RHB Juan Rosa
|
0-0: Ball 1-0: SINGLE (Line Drive, 8RS, EV 90.0 MPH)
|
Batting: LHB Javier Trujillo
|
0-0: Ball 1-0: Ball 2-0: Grounds into double play, 6-4-3 (Groundball, 6, EV 88.1 MPH)
|
Batting: RHB Guillermo Mojica
|
0-0: Ball 1-0: Ball 2-0: Called Strike 2-1: Called Strike 2-2: Strikes out swinging
|
Bottom of the 8th over - 0 runs, 1 hit, 0 errors, 0 left on base; Charlotte 4 - Salt Lake 1 |
TOP OF THE 9TH |
Charlotte Knights batting - Pitching for Salt Lake Bees : RHP Bartholomeu Voivodic
|
Pitching: RHP Jake Bruen
|
|
Batting: RHB Herb Craig
|
0-0: Ball 1-0: Called Strike 1-1: SINGLE (Groundball, 4, EV 95.0 MPH)
|
Batting: LHB Hirakito Herring
|
0-0: Called Strike 0-1: Ball 1-1: Ball 2-1: Ball 3-1: Base on Balls Herb Craig to second
|
Batting: LHB John Thurman
|
0-0: Ball 1-0: Ball 2-0: Called Strike 2-1: SINGLE (Line Drive, 7S, EV 106.2 MPH) Herb Craig to third Hirakito Herring to second
|
Batting: LHB James Betron
|
0-0: Ball 1-0: Swinging Strike 1-1: Ball 2-1: Swinging Strike 2-2: Ball 3-2: Strikes out looking
|
Batting: LHB Kevin Rolison
|
0-0: Fly out, F8 (Flyball, 8RS, EV 76.2 MPH)
|
Batting: RHB Steve Martin
|
0-0: Ball 1-0: Ball 2-0: Called Strike 2-1: Ball 3-1: Called Strike 3-2: Fly out, F9 (Flyball, 89M, EV 91.9 MPH)
|
Top of the 9th over - 0 runs, 2 hits, 0 errors, 3 left on base; Charlotte 4 - Salt Lake 1 |
BOTTOM OF THE 9TH |
Salt Lake Bees batting - Pitching for Charlotte Knights : LHP Steven Wolf
|
Pitching: RHP Ryan Columbo
|
|
Batting: RHB Bjoern Waltersson
|
0-0: Ball 1-0: Called Strike 1-1: Ball 2-1: SINGLE (Groundball, 6MS, EV 96.9 MPH)
|
Batting: RHB Andres Mendiola
|
0-0: Foul Ball, location: 2F 0-1: Foul Ball, location: 2F 0-2: Strikes out swinging
|
Batting: RHB Melvin Gomez
|
0-0: Foul Ball, location: 2F 0-1: Ball 1-1: Ball 2-1: Swinging Strike 2-2: Strikes out swinging
|
Batting: SHB Ivan Barry
|
0-0: Ball 1-0: Ball 2-0: Ball 3-0: Base on Balls Bjoern Waltersson to second
|
Batting: LHB Vinny Carreno
|
0-0: Called Strike 0-1: Foul Ball, location: 2F 0-2: Ball 1-2: Strikes out swinging
|
Bottom of the 9th over - 0 runs, 1 hit, 0 errors, 2 left on base; Charlotte 4 - Salt Lake 1 |
|